 Seeded DCSS version 0.29-a0-344-ge2f44be95a (webtiles) character file.

Game seed: 1450950038153131384 (custom seed)

344 zeratav the Firebug (level 6, -2/36 HPs)
             Began as an Octopode Fire Elementalist on Apr 21, 2022.
             Slain by an orc priest
             ... wielding a +0 dagger
              (3 damage)
             ... on level 4 of the Dungeon.
             The game lasted 00:06:19 (4160 turns).

zeratav the Firebug (Octopode Fire Elementalist)    Turns: 4160, Time: 00:06:20

Health: -2/36      AC:  1    Str:  7    XL:     6   Next: 58%
Magic:  9/9        EV: 13    Int: 15    God:
Gold:   147        SH:  0    Dex: 18    Spells: 6/9 levels left

rFire   . . .      SeeInvis .   h - +10 hunting sling of Nunluomy {venom, *Slow rPois rC+++ Int-5, sling}
rCold   + + +      Faith    .   (no shield)
rNeg    . . .      Spirit   .   (helmet restricted)
rPois   +          Reflect  .   (no amulet)
rElec   .          Harm     .   j - +6 ring of dexterity
rCorr   .          Rampage  .   p - ring of protection from cold
Will    .....                   (no ring)
Stlth   +++.......              (no ring)
HPRegen 0.12/turn               (no ring)
MPRegen 0.11/turn               (no ring)
                                (no ring)
                                (no ring)

@: no status effects
A: almost no armour, amphibious, 8 rings, camouflage 1, gelatinous body 1,
(nimble swimmer 1), tentacles
a: no special abilities


You were on level 4 of the Dungeon.
You visited 1 branch of the dungeon, and saw 4 of its levels.

You collected 147 gold pieces.


Innate Abilities, Weirdness & Mutations

You cannot wear most types of armour.
You are amphibious.
You can wear up to eight rings at the same time.
Your skin changes colour to match your surroundings (Stealth+).
Your rubbery body absorbs attacks. (AC +1, EV +1)
((You are camouflaged when in or above water. (Stealth+)))
You have tentacles for arms and can constrict up to eight enemies at once.


   Skills:
 - Level 2.0 Dodging
 - Level 2.6 Stealth
 - Level 2.0 Spellcasting
 - Level 1.0 Conjurations
 + Level 7.2 Fire Magic


You had 6 spell levels left.
You knew the following spells:

 Your Spells              Type           Power      Damage    Failure   Level
a - Foxfire               Conj/Fire      52%        2x1d6     4%          1
b - Scorch                Fire           46%        2d7       1%          2

Your spell library contained the following spells:

 Spells                   Type           Power      Damage    Failure   Level
 Conjure Flame            Conj/Fire      13%        6-21      12%         3
 Inner Flame              Hex/Fire       12%        N/A       16%         3
 Flame Wave               Conj/Fire      13%        2d6       38%         4
 Dazzling Flash           Conj/Hex       6%         N/A       47%         3
 Portal Projectile        Hex/Tloc       2%         N/A       54%         3
 Fireball                 Conj/Fire      6%         3d5       75%         5
 Agony                    Necr           1%         N/A       99%         5
 Blade Hands              Tmut           0%         N/A       99%         5
 Excruciating Wounds      Necr           0%         N/A       99%         5
 Silence                  Hex/Air        0%         N/A       99%         5
 Starburst                Conj/Fire      6%         6d4       99%         6
 Ignition                 Fire           11%        3d5       100%        8

Inventory:

Hand Weapons
 h - the +10 hunting sling of Nunluomy (weapon) {venom, *Slow rPois rC+++ Int-5, sling}
   (You found it on level 4 of the Dungeon)

   Any ammunition fired from it poisons the flesh of those it strikes.
   Int:       It affects your intelligence (-5).
   rC:        It renders you almost immune to cold.
   rPois:     It protects you from poison.
   *Slow:     It may slow you when you take damage.
 k - a +1 dagger of venom {short}
   (You took it off a kobold on level 2 of the Dungeon)
 s - a +2 falchion of freezing {long}
   (You took it off an orc on level 3 of the Dungeon)
Armour
 r - a +0 buckler
   (You found it on level 3 of the Dungeon)
Jewellery
 j - a +6 ring of dexterity (left tentacle)
   (You found it on level 1 of the Dungeon)
 p - a ring of protection from cold (right tentacle)
   (You found it on level 2 of the Dungeon)
Scrolls
 c - 4 scrolls of teleportation {unknown}
 f - 3 scrolls of enchant armour {unknown}
 g - 2 scrolls of fear {unknown}
 m - a scroll of amnesia {unknown}
 t - 2 scrolls of silence {unknown}
 u - 2 scrolls of fog {unknown}
 w - a scroll of magic mapping {unknown}
 x - a scroll of holy word {unknown}
Potions
 a - a potion of magic
 b - a potion of invisibility {unknown}
 d - 2 potions of berserk rage {!q}
 e - 3 potions of haste {unknown}
 i - a potion of flight {unknown}
 l - a potion of attraction {unknown}
 n - a potion of might {unknown}
 o - 2 potions of cancellation
 q - 4 potions of curing {@q1}
 v - 2 potions of heal wounds {unknown}

Dungeon Overview and Level Annotations

Branches:
Dungeon (4/15)
 Temple: D:4-7

Altars:

Shops:
D:4

* #....#....# ##
##..##...# ##.####
#....#...### #....$#
#.......##. .....#
#...#..##..
##....######.##..#...
#......##....#...#...
.####..^........#...#...
.......@o).....###......
.......ooo..............
.......gog..............
8##..##..g..............
...# ##................
∩... #................
... #................ <.
.................
..............#...


You could see an orc priest, 3 gnolls and 4 orcs.


Message History

h - the +10 hunting sling of Nunluomy {venom, *Slow rPois rC+++ Int-5, sling} Your +2 falchion of freezing {long} stops glowing.
You feel stupid.
The +10 hunting sling of Nunluomy {venom, *Slow rPois rC+++ Int-5, sling} begins to drip with poison!
h - the +10 hunting sling of Nunluomy (weapon)
{venom, *Slow rPois rC+++ Int-5, sling} The kobold shouts!
You shoot a sling bullet.
The sling bullet closely misses the kobold.
You shoot a sling bullet. The sling bullet hits the kobold!
You kill the kobold!
w - a scroll labelled QOM MITYNLAYXI You now have 147 gold pieces (gained 8).
Things that are here:
a +0 dagger {short}; a +0 robe
q - 4 potions of curing {@q1} (gained 2)
g - 2 scrolls labelled EJA DIMINIDDO (gained 1)
An endoplasm comes into view.
The endoplasm quivers.
You shoot a sling bullet. The sling bullet hits the endoplasm!
You kill the endoplasm!
An adder comes into view.
Found a stone staircase leading down.
You shoot a sling bullet. The sling bullet hits the adder!
You kill the adder!
x - a scroll labelled FUXOBI RASUNG An ogre comes into view.
It is wielding a +0 giant spiked club.
The ogre shouts!
You shoot a sling bullet. The sling bullet hits the ogre!
The ogre looks as sick as possible!
You shoot a sling bullet. The sling bullet hits the ogre!
You kill the ogre!
Your Fire Magic skill increases to level 7!
A hound comes into view.
An adder comes into view.
You shoot a sling bullet. The sling bullet hits the adder.
The adder is poisoned.
The adder hisses angrily.
You shoot a sling bullet. The sling bullet hits the adder!!
You kill the adder!
A white imp comes into view.
An orc comes into view. It is wielding a +0 dagger.
You shoot a sling bullet.
The sling bullet closely misses the white imp.
The white imp shouts!
The orc shouts!
You hear a shout! x5
The orc enters a dispersal trap!
The orc blinks! x2; The white imp blinks!
The orc blinks!
The white imp blinks!
You blink.
An orc and 4 gnolls come into view.
The orc blinks!
The gnoll hits you from afar with a +0 spear.
The gnoll moves out of view. x2
You hear a shout! x3
HP[-6]
You take 6 damage, and now have 30/36 hp.
The orc shouts!
The white imp hits you. The white imp freezes you. You resist.
HP[-1]
You take 1 damage, and now have 29/36 hp.
You shoot a sling bullet. The sling bullet hits the white imp!
The white imp is poisoned.
The gnoll misses you.
The white imp hits you but does no damage.
The orc hits you with a +0 short sword.
HP[-6]
You take 6 damage, and now have 23/36 hp.
You are too injured to fight recklessly!
Fire: h) +10 hunting sling of Nunluomy {venom, *Slow rPois rC+++ Int-5, sling}
Press: ? - help, Q - select action, (/) - cycle Shift-Dir - straight line, f/p - white imp
Aim: a white imp (almost dead, very poisoned, 69% to hit)
You shoot a sling bullet. The sling bullet hits the white imp.
You kill the white imp!
The gnoll misses you.
The gnoll hits you from afar with a +0 spear.
* * * LOW HITPOINT WARNING * * *
The orc hits you with a +0 flail.
* * * LOW HITPOINT WARNING * * *
The orc completely misses you.
The orc priest looks satisfied for a moment.
The orc hits you but does no damage. The orc hits you with a +0 flail.
* * * LOW HITPOINT WARNING * * *
The gnoll barely misses you. The orc hits you with a +0 short sword.
* * * LOW HITPOINT WARNING * * *
The gnoll closely misses you.
HP[-13]
You take 13 damage, and now have 10/36 hp.
MASSIVE DAMAGE!! (PAUSE)
The gnoll attacks as you move away! The gnoll closely misses you.
The orc barely misses you. x2; The orc misses you.
The orc attacks as you move away! The orc barely misses you.
The gnoll attacks as you move away! The gnoll closely misses you.
The orc priest mumbles some strange prayers to Beogh against you.
Beogh smites you!
* * * LOW HITPOINT WARNING * * *
HP[-9]
You take 9 damage, and now have 1/36 hp.
MASSIVE DAMAGE!! (PAUSE)
Found Ricliss's General Store.
Found an escape hatch in the ceiling.
Really wriggle into that dispersal trap?
The orc priest attacks as you move away!
The orc priest hits you with a +0 dagger.
You die...

Skill      XL: |  1  2  3  4  5  6 |
---------------+-------------------+-----
Fire Magic     | 4 5 6 7 |  7.2
Dodging        | |  2.0
Stealth        | |  2.6
Spellcasting   | |  2.0
Conjurations   | |  1.0

Action                   |  1- 3 |  4- 6 || total
-------------------------+-------+-------++-------
Melee: Unarmed           |    20 |       ||    20
       Constrict         |    12 |     5 ||    17
       Tentacles         |     8 |     9 ||    17
       Whip              |    11 |       ||    11
       Dagger            |     5 |    18 ||    23
       Punch             |       |     1 ||     1
       Falchion          |       |     5 ||     5
 Fire: Hunting sling     |       |    11 ||    11
 Cast: Foxfire           |     3 |     7 ||    10
       Scorch            |    23 |    46 ||    69
  Use: Scroll            |       |     4 ||     4
 Stab: Sleeping          |     1 |     2 ||     3
Armor: Skin              |     6 |     4 ||    10
Dodge: Dodged            |    40 |    32 ||    72

Levels and vault maps discovered:
D:1:      minmay_arrival_three_doors, layout_loops_corners
D:2:      cheibrodos_helix_gallery, layout_basic,
          nicolae_ecumenical_lake_church, kennysheep_nub
D:3:      layout_loops_corners, grunt_ministairs_9, minmay_misc_feat_rows,
          kennysheep_generic_room_9
D:4:      layout_cave_pools, serial_shops, shop_statue, uniq_duvessa

Notes
Turn   | Place    | Note
-------+----------+-------------------------------------------
     0 | D:1      | zeratav the Octopode Fire Elementalist began the quest for
                  | the Orb.
     0 | D:1      | Reached XP level 1. HP: 11/11 MP: 3/3
     0 | D:1      | magus.rc [v1.9.6]
   168 | D:1      | Reached XP level 2. HP: 15/17 MP: 1/5
   220 | D:1      | Learned a level 2 spell: Scorch
   496 | D:1      | You fall into a shaft and drop 1 floor!
   505 | D:2      | Reached skill level 4 in Fire Magic
   512 | D:2      | Reached XP level 3. HP: 20/21 MP: 1/6
   668 | D:1      | You pick up a book of Fire and begin reading...
   668 | D:1      | You add the spells Fireball, Starburst and Ignition to your
                  | library.
  1439 | D:1      | Reached XP level 4. HP: 27/27 MP: 0/7
  1543 | D:1      | You pick up a book of Weapons and begin reading...
  1543 | D:1      | You add the spells Portal Projectile, Excruciating Wounds
                  | and Blade Hands to your library.
  1787 | D:2      | Reached skill level 5 in Fire Magic
  1892 | D:2      | Found a faded altar of an unknown god.
  2240 | D:2      | Reached XP level 5. HP: 31/31 MP: 5/8
  3003 | D:3      | Reached skill level 6 in Fire Magic
  3290 | D:3      | You pick up a book of the Senses and begin reading...
  3290 | D:3      | You add the spells Dazzling Flash, Agony and Silence to
                  | your library.
  3658 | D:3      | Reached XP level 6. HP: 23/36 MP: 0/9
  4001 | D:4      | Identified the +10 hunting sling of Nunluomy {venom, *Slow
                  | rPois rC+++ Int-5}
  4100 | D:4      | Reached skill level 7 in Fire Magic
  4158 | D:4      | HP: 1/36 [orc priest/divine providence (9)]
  4159 | D:4      | Found Ricliss's General Store.
  4160 | D:4      | Slain by an orc priest

Vanquished Creatures
  An ogre (D:4)
  An orc priest (D:3)
  14 adders
  A white imp (D:4)
  2 worms
  2 dart slugs
  6 orcs (D:3)
  9 bats
  7 endoplasms
  5 giant cockroaches
  2 goblins
  3 hobgoblins (D:1)
  8 jackals
  10 kobolds
  8 ball pythons
  5 frilled lizards
  3 rats
87 creatures vanquished.

Vanquished Creatures (others)
  16 foxfires
16 creatures vanquished.

Grand Total: 103 creatures vanquished

Table legend:
 A = Non-vault XP
 B = Vault XP
 C = Vault XP percentage of total XP
 D = Non-vault monster count
 E = Vault monster count
 F = Vault count percentage of total count
                 A         B        C        D         E       F
            +---------+---------+-------+---------+---------+-------
      Total |     474 |      18 |   3.7 |      83 |       4 |   4.6
            +---------+---------+-------+---------+---------+-------
        D:1 |      41 |       0 |   0.0 |      23 |       0 |   0.0
        D:2 |     112 |      15 |  11.8 |      26 |       2 |   7.1
        D:3 |     155 |       3 |   1.9 |      26 |       2 |   7.1
        D:4 |     166 |       0 |   0.0 |       8 |       0 |   0.0
            +---------+---------+-------+---------+---------+-------

Illustrated notes

Table legend:
 A = Kills in this place as a percentage of kills in entire the game.
 B = Kills by you in this place as a percentage of kills by you in the entire game.
 C = Kills by friends in this place as a percentage of kills by friends in the entire game.
 D = Other kills in this place as a percentage of other kills in the entire game.
 E = Experience gained in this place as a percentage of experience gained in the entire game.
 F = Experience gained in this place divided by the number of levels of this place that you have seen.
                   A       B       C       D       E      F
               +-------+-------+-------+-------+-------+----------------------
         Total | 100.0 | 100.0 |   N/A |   N/A | 100.0 | 123.0
       Dungeon | 100.0 | 100.0 |   N/A |   N/A | 100.0 | 123.0
               +-------+-------+-------+-------+-------+----------------------

Table legend: (Time is in decaauts)
 A = Elapsed time spent in this place.
 B = Non-inter-level travel time spent in this place.
 C = Inter-level travel time spent in this place.
 D = Time resting spent in this place.
 E = Time spent auto-exploring this place.
 F = Levels seen in this place.
 G = Mean time per level.
                   A        B        C        D        E       F      G
               +--------+--------+--------+--------+--------+-----+--------+
         Total |   4164 |   4077 |     87 |    384 |   3038 |   4 | 1041.0 |
       Dungeon |   4164 |   4077 |     87 |    384 |   3038 |   4 | 1041.0 |
               +--------+--------+--------+--------+--------+-----+--------+

Top non-repeatable levels by time:
     D:3: 1469 daAuts
     D:1: 1406 daAuts
     D:2: 1022 daAuts
     D:4: 266 daAuts
